 Dungeon Crawl Stone Soup version 0.30-a0-859-gf88a04b62d (webtiles) character file.

Game seed: 11616284259412508281

2 M4edhros the Trooper (level 1, 0/16 HPs)
             Began as an Octopode Chaos Knight on Mar 6, 2023.
             Was a Plaything of Xom.
             Slain by a quokka (3 damage)
             ... on level 1 of the Dungeon.
             The game lasted 00:00:07 (229 turns).

M4edhros the Trooper (Octopode Chaos Knight)         Turns: 229, Time: 00:00:08

Health: 0/16       AC:  1    Str: 11    XL:     1   Next: 40%
Magic:  1/1        EV: 13    Int: 14    God:    Xom [..*...]
Gold:   15         SH:  0    Dex: 11    Spells: 0/0 levels left

rFire   . . .      SeeInvis .    a - +0 mace (chaos)
rCold   . . .      Faith    .    (no shield)
rNeg    . . .      Spirit   .    (helmet restricted)
rPois   .          Reflect  .    (no amulet)
rElec   .          Rampage  .    (no ring)
rCorr   .                        (no ring)
Will    .....                    (no ring)
Stlth   ++                       (no ring)
HPRegen 0.22/turn                (no ring)
MPRegen 0.07/turn                (no ring)
                                 (no ring)
                                 (no ring)

@: no status effects
A: almost no armour, amphibious, 8 rings, camouflage 1, gelatinous body 1,
(nimble swimmer 1), tentacles
a: Renounce Religion


You were on level 1 of the Dungeon.
You worshipped Xom.
You were a toy of Xom.
You visited 1 branch of the dungeon, and saw 1 of its levels.

You collected 15 gold pieces.

Inventory:

Hand Weapons
 a - a +0 mace of chaos (weapon)
Scrolls
 c - a scroll of immolation {unknown}
 d - a scroll of enchant weapon {unknown}
 g - a scroll of identify {unknown}
 h - a scroll of summoning {unknown}
Potions
 e - a potion of curing {unknown}
 f - a potion of invisibility {unknown}
Miscellaneous
 b - a piece from Xom's chessboard (15/15) (quivered)


   Skills:
 + Level 3.1 Fighting
 - Level 3.0 Maces & Flails
 + Level 2.4 Dodging


You couldn't memorise any spells.
You didn't know any spells.
Your spell library was empty.

Dungeon Overview and Level Annotations

Branches:
Dungeon (1/15)

Altars:


Innate Abilities, Weirdness & Mutations

You cannot wear most types of armour.
You are amphibious.
You can wear up to eight rings at the same time.
Your skin changes colour to match your surroundings (Stealth+).
Your rubbery body absorbs attacks. (AC +1, EV +1)
((You are camouflaged when in or above water. (Stealth+)))
You have tentacles for arms and can constrict up to eight enemies at once.


Message History

You constrict the hobgoblin, but do no damage.
The hobgoblin closely misses you. The kobold closely misses you.
A frilled lizard comes into view.
The frilled lizard hisses angrily.
You hit the kobold but do no damage. You grab the kobold.
You constrict the hobgoblin. You constrict the kobold. The hobgoblin hits you.
The kobold hits you with a +0 dagger. x2; The hobgoblin completely misses you.
Unknown command.
You hit the kobold but do no damage. You squeeze the kobold.
You kill the kobold!
You constrict the hobgoblin.
A bat comes into view.
The hobgoblin hits you.
You are too injured to fight recklessly!
You are too injured to fight recklessly!
You are too injured to fight recklessly!
You are too injured to fight recklessly!
You are too injured to fight recklessly!
Unknown command.
You release your grip on the hobgoblin.
You sock the hobgoblin!
You kill the hobgoblin!
You swing at nothing.
The bat hits you but does no damage.
You swing at nothing.
The bat hits you.
You barely miss the frilled lizard. Your grab misses the frilled lizard.
The quokka barely misses you. The frilled lizard barely misses you.
The quokka bites you.
You miss the frilled lizard. Your grab misses the frilled lizard.
Your squeeze misses the frilled lizard. The frilled lizard barely misses you.
The quokka closely misses you.
You closely miss the quokka. You grab the quokka. You constrict the quokka.
The quokka misses you. The frilled lizard barely misses you.
The quokka bites you.
* * * LOW HITPOINT WARNING * * *
You hit the frilled lizard.
You kill the frilled lizard!
You constrict the quokka. The bat hits you.
* * * LOW HITPOINT WARNING * * *
The quokka bites you.
You die...

#≈##≈≈≈≈≈...
..#####≈≈##≈##### #####
#.#..######## # #....#
..#.....### # ##.....
#.#.......## ## #......
#.#........## #. #......
#.#.........# #.
.......##r#.........#####
#.....b†@.#..........#...
#....####...............#
#.. ###..........#### .
#.........## #.........#
#........#+ #.......##
#.....### #..####


You could see a quokka and a bat.

Vanquished Creatures
  A hobgoblin (D:1)
  A kobold (D:1)
  A frilled lizard (D:1)
3 creatures vanquished.

Notes
Turn   | Place    | Note
-------+----------+-------------------------------------------
     0 | D:1      | M4edhros the Octopode Chaos Knight began the quest for the
                  | Orb.
     0 | D:1      | Reached XP level 1. HP: 16/16 MP: 1/1
   229 | D:1      | Slain by a quokka

Illustrated notes

Levels and vault maps discovered:
D:1:      dpeg_cavernosity, layout_basic, minmay_misc_feat_doors

Action                     || total
---------------------------++-------
  Melee: Mace              ||    10
         Constrict         ||     3
         Tentacles         ||     2
 Armour: Skin              ||     1
  Dodge: Dodged            ||    11

Table legend: (Time is in decaauts)
 A = Elapsed time spent in this place.
 B = Non-inter-level travel time spent in this place.
 C = Inter-level travel time spent in this place.
 D = Time resting spent in this place.
 E = Time spent auto-exploring this place.
 F = Levels seen in this place.
 G = Mean time per level.
                   A        B        C        D        E       F      G
               +--------+--------+--------+--------+--------+-----+--------+
         Total |    231 |    231 |      0 |      0 |    206 |   1 |  231.0 |
       Dungeon |    231 |    231 |      0 |      0 |    206 |   1 |  231.0 |
               +--------+--------+--------+--------+--------+-----+--------+

Top non-repeatable levels by time:
     D:1: 231 daAuts
